 Dungeon Crawl Stone Soup version 0.20.1-1-g8b1a95d (webtiles) character file.

2852 sunderphon the Carver (level 9, -9/70 HPs)
             Began as a Minotaur Fighter on Sept 22, 2017.
             Was a Believer of Hepliaklqana.
             Mangled by an orc warrior
             ... wielding a +0 halberd
              (26 damage)
             ... on level 7 of the Dungeon.
             The game lasted 00:32:40 (8514 turns).

sunderphon the Carver (Minotaur Fighter)            Turns: 8514, Time: 00:32:41

Health: -9/70      AC:  3    Str: 27 (28) XL:     9   Next: 46%
Magic:  8/8        EV: 11    Int:  4 (5)  God:    Hepliaklqana [**....]
Gold:   124        SH: 11    Dex:  7 (8)  Spells: 8/8 levels left

rFire    . . .     SeeInvis .   a - +1 long sword
rCold    . . .     Gourm    .   c - +0 shield
rNeg     . . .     Faith    .   y - +0 robe
rPois    .         Spirit   .   (helmet restricted)
rElec    .         Reflect  .   s - +0 cloak
rCorr    .         Harm     +   (no gloves)
MR       .....                  (no boots)
Stlth    ++........             h - amulet of harm
Regen    0.3/turn               C - +2 ring of strength
MPRegen  0.2/turn               H - +4 ring of slaying

@: no status effects
A: retaliatory headbutt, reduced essence, horns 2, clumsy 1, deterioration 2,
strong 1, MP-powered wands
a: Recall Ancestor, Ancestor Identity, Renounce Religion


You were on level 7 of the Dungeon.
You worshipped Hepliaklqana.
Hepliaklqana was pleased with you.
You were not hungry.

You visited 2 branches of the dungeon, and saw 8 of its levels.

You collected 425 gold pieces.
You spent 301 gold pieces at shops.

Inventory:

Hand Weapons
 a - a +1 long sword (weapon)
 r - a +4 quarterstaff of chaos
Armour
 c - a +0 shield (worn)
 s - a +0 cloak (worn)
 y - a +0 robe (worn)
Jewellery
 h - an amulet of harm (around neck)
 l - an uncursed ring of teleportation
 m - an uncursed ring of loudness
 C - a +2 ring of strength (left hand)
 D - the ring "Daal Poung" {rElec MR+ EV+1}
   (You bought it in a shop on level 5 of the Dungeon)

   [ring of evasion]

   It affects your evasion (+1).
   It insulates you from electricity.
   It affects your resistance to hostile enchantments.
 H - a +4 ring of slaying (right hand)
Wands
 F - a wand of paralysis (17/24)
 J - a wand of polymorph (13/24)
Scrolls
 e - 2 scrolls of blinking
 g - 8 scrolls of remove curse
 o - 4 scrolls of teleportation
 q - a scroll of amnesia
 w - 4 scrolls of identify
 A - 3 scrolls of magic mapping
 B - a scroll of fog {unknown}
 E - a scroll of enchant weapon
 I - a scroll of recharging
Potions
 b - a potion of invisibility {unknown}
 d - a potion of resistance
 i - 3 potions of flight
 k - 2 potions of agility
 n - 2 potions of curing
 t - a potion of mutation {unknown}
 v - a potion of cancellation
 G - a potion of berserk rage {unknown}
Books
 j - Letwekut's Wizardry, Part One
   (You found it on level 5 of the Dungeon)

   Spells                             Type                      Level
   a - Magic Dart                     Conjuration                  1
   b - Confusing Touch                Hexes                        1
   c - Freeze                         Ice                          1
   d - Summon Butterflies             Summoning                    1
   e - Summon Small Mammal            Summoning                    1
Comestibles
 f - 5 bread rations
 p - 5 fruits
 u - 2 meat rations
 z - 3 royal jellies


   Skills:
 + Level 6.4 Fighting
 + Level 10.6 Long Blades
 + Level 5.7 Armour
 + Level 4.6 Dodging
 + Level 2.9 Stealth
 + Level 7.5 Shields


You had 8 spell levels left.
You didn't know any spells.

Dungeon Overview and Level Annotations

Branches:
Dungeon (7/15)             Temple (1/1) D:4

Altars:
Ashenzari
Cheibriados
Dithmenos
Elyvilon
Fedhas
Gozag
Hepliaklqana
Kikubaaqudgha
Makhleb
Nemelex Xobeh
Okawaru
Qazlal
Ru
Sif Muna
Trog
Uskayaw
Vehumet
Xom
Yredelemnul
Zin
The Shining One

Shops:
D:5 =


Innate Abilities, Weirdness & Mutations

You reflexively headbutt those who attack you in melee.
You have a pair of horns on your head.
Your life essence is reduced to manifest your ancestor. (-10% HP)
You are clumsy. (Dex -2)
Your body often deteriorates upon taking damage.
Your muscles are strong. (Str +2)
You expend magic power (3 MP) to strengthen your wands.


Message History

The orc warrior hits you from afar with a halberd!!
Your body deteriorates!
You feel weakened.
You hit the orc.
The orc is lightly wounded.
You block the orc's attack.
You slash the orc!
You kill the orc!
The orc wizard points at you and mumbles some strange words.
The magic dart hits you!
Your body deteriorates!
You feel dopey. You block the orc warrior's attack.
The orc wizard hits you with a dagger.
The orc warrior hits you with a halberd!
* * * LOW HITPOINT WARNING * * *
Things that are here:
a club; a chain mail; an orc corpse The orc wizard hits you with a dagger.
* * * LOW HITPOINT WARNING * * *
The orc warrior hits you with a halberd!!
You die...

.....?.........# #.#
.......###.###.# #.#
......####.###.###.#
.................#.#
...................#
...##########..#.###
##.# #..#R# ##.#
#(.o)# ##.######
#.#o@# ........#
#.#..# ##.####.#
.#.## ##.#
#.#####.#.# #.#
#.......#.# #.#
######..#.#
###########..#.#
...........#.#
..#######.##.#


You could see the friendly Æthelred the hexer, an orc warrior and an orc wizard.

Vanquished Creatures
  A hornet (D:7)
  Sigmund (D:3)
  The ghost of theAP the Magician, an amateur DEVM (D:3)
  3 sky beasts
  A black bear (D:6)
  2 ice beasts
  A phantom (D:7)
  A centaur (D:6)
  5 ogres
  2 bullfrogs
  7 scorpions
  A howler monkey (D:6)
  3 crimson imps
  A hound (D:4)
  An orc priest (D:4)
  A jelly (D:6)
  2 orc wizards (D:5)
  Crazy Yiuf (D:2)
  A bullfrog skeleton (D:5)
  3 worker ants
  Terence (D:2)
  An iguana (D:6)
  A hound skeleton (D:4)
  A worker ant zombie (D:5)
  Robin (D:2)
  3 gnolls (D:5)
  7 adders
  A shadow imp (D:4)
  2 oozes
  2 worms
  A dart slug (D:1)
  2 leopard geckos
  21 orcs
  4 giant cockroaches
  15 goblins
  13 hobgoblins
  8 jackals
  2 quokkas
  7 bats
  4 frilled lizards
  11 kobolds
  2 quokka skeletons
  11 rats
  A bush (D:7)
  2 plants (D:7)
163 creatures vanquished.

Vanquished Creatures (collateral kills)
  An orc priest (D:5)
  2 orcs (D:5)
  A frilled lizard (D:5)
4 creatures vanquished.

Grand Total: 167 creatures vanquished

Notes
Turn   | Place    | Note
-------+----------+-------------------------------------------
     0 | D:1      | sunderphon the Minotaur Fighter began the quest for the Orb.
     0 | D:1      | Reached XP level 1. HP: 19/19 MP: 0/0
    37 | D:1      | Reached XP level 2. HP: 27/27 MP: 1/1
   720 | D:1      | Reached XP level 3. HP: 32/33 MP: 2/2
   975 | D:1      | Reached skill level 3 in Long Blades
  1493 | D:2      | Noticed Robin
  1526 | D:2      | Killed Robin
  1526 | D:2      | Reached XP level 4. HP: 21/40 MP: 3/3
  1950 | D:2      | Noticed Terence
  1954 | D:2      | Killed Terence
  1954 | D:2      | Reached skill level 4 in Long Blades
  2031 | D:2      | Found a runed door.
  2120 | D:2      | Reached XP level 5. HP: 43/46 MP: 4/4
  2221 | D:2      | Noticed Crazy Yiuf
  2230 | D:2      | Killed Crazy Yiuf
  2623 | D:3      | Noticed theAP's ghost (amateur DEVM)
  2640 | D:3      | Killed theAP's ghost
  2640 | D:3      | Reached skill level 5 in Long Blades
  2640 | D:3      | Reached skill level 5 in Armour
  2640 | D:3      | Reached skill level 1 in Dodging
  2640 | D:3      | Reached skill level 5 in Shields
  2640 | D:3      | Reached XP level 6. HP: 21/53 MP: 5/5
  3125 | D:3      | Noticed Sigmund
  3138 | D:3      | Killed Sigmund
  3678 | D:3      | Found a sparkling altar of Nemelex Xobeh.
  3678 | D:3      | Found an opulent altar of Gozag.
  3916 | D:4      | Reached XP level 7. HP: 55/60 MP: 6/6
  3937 | D:4      | Found a burning altar of Makhleb.
  3950 | D:4      | Reached skill level 6 in Long Blades
  4428 | D:4      | Reached skill level 5 in Fighting
  4702 | D:4      | Reached skill level 7 in Long Blades
  5069 | D:4      | Found a staircase to the Ecumenical Temple.
  5081 | Temple   | Entered the Ecumenical Temple
  5251 | Temple   | Became a worshipper of Hepliaklqana the Forgotten
  5725 | D:5      | Entered Level 5 of the Dungeon
  5744 | D:5      | Reached skill level 1 in Stealth
  5786 | D:5      | Reached XP level 8. HP: 13/61 MP: 7/7
  6197 | D:5      | Identified Letwekut's Wizardry, Part One
  6314 | D:5      | Reached skill level 8 in Long Blades
  6318 | D:5      | Gained mutation: Your muscles are strong. (Str +2) [mutagenic meat]
  6319 | D:5      | Gained mutation: You expend magic power (3 MP) to strengthen your wands. [mutagenic meat]
  6320 | D:5      | Gained mutation: Your body sometimes deteriorates upon taking damage. [mutagenic meat]
  6321 | D:5      | Gained mutation: You are clumsy. (Dex -2) [mutagenic meat]
  6322 | D:5      | Gained mutation: Your body often deteriorates upon taking damage. [mutagenic meat]
  6349 | D:5      | Reached * piety under Hepliaklqana
  6627 | D:5      | Found Arphuc's Jewellery Shoppe.
  6922 | D:5      | Bought a +2 ring of strength for 75 gold pieces
  7163 | D:5      | Bought the ring "Daal Poung" {rElec MR+ EV+1} for 226 gold pieces
  7279 | D:6      | Reached skill level 9 in Long Blades
  7469 | D:6      | Reached ** piety under Hepliaklqana
  7626 | D:6      | Reached XP level 9. HP: 58/67 MP: 8/8
  7698 | D:6      | Remembered your ancestor Æthelred as a hexer
  8105 | D:6      | Reached skill level 10 in Long Blades
  8215 | D:7      | Found a shattered altar of Ashenzari.
  8215 | D:7      | Found a hide-covered altar of Uskayaw.
  8216 | D:7      | Found a snail-covered altar of Cheibriados.
  8514 | D:7      | Mangled by an orc warrior

Skill      XL: |  1  2  3  4  5  6  7  8  9 |
---------------+----------------------------+-----
Fighting       | 4 5 6 |  6.4
Shields        | 4 5 6 7 |  7.5
Armour         | 4 5 |  5.7
Long Blades    | 3 4 5 7 9 10 | 10.6
Dodging        | 1 2 4 |  4.6
Stealth        | 1 2 |  2.9

Action                   |  1- 3 |  4- 6 |  7- 9 || total
-------------------------+-------+-------+-------++-------
Melee: Long sword        |   111 |   113 |   234 ||   458
       Headbutt          |    14 |    21 |    50 ||    85
Invok: Recall Ancestor   |       |       |     2 ||     2
       Ancestor Identity |       |       |     1 ||     1
       Ancestor Life: He |       |       |     1 ||     1
  Use: Scroll            |     5 |     4 |     7 ||    16
       Potion            |     2 |     2 |     2 ||     6
 Stab: Distracted        |       |       |     1 ||     1
  Eat: Bread ration      |     1 |     1 |     2 ||     4
       Chunk             |       |       |     7 ||     7
       Meat ration       |       |       |     1 ||     1
       Royal jelly       |       |       |     1 ||     1
       Fruit             |       |       |     1 ||     1
Armor: Scale mail        |    63 |    32 |       ||    95
       Robe              |       |     2 |    19 ||    21
       Skin              |       |       |     7 ||     7
Dodge: Dodged            |    38 |    43 |    62 ||   143
Block: Shield            |    61 |    63 |    78 ||   202
       Rpst.: Long sword |    12 |     9 |    18 ||    39
